 Dungeon Crawl Stone Soup version 0.28.0 (webtiles) character file.

Game seed: 2485354810545704415

9 SnakkuSnakku7 the Skirmisher (level 2, -2/24 HPs)
             Began as a Mummy Cinder Acolyte on Feb 11, 2022.
             Was a High Priest of Ignis.
             Slain by a kobold (4 damage)
             ... on level 1 of the Dungeon.
             The game lasted 00:00:25 (188 turns).

SnakkuSnakku7 the Skirmisher (Mummy Cinder Acolyte)  Turns: 188, Time: 00:00:26

Health: -2/24      AC:  2    Str: 17    XL:     2   Next: 3%
Magic:  4/4        EV: 10    Int: 13    God:    Ignis [*****.]
Gold:   0          SH:  2    Dex:  7    Spells: 3/3 levels left

rFire   . . .      SeeInvis .   a - -1 mace (flame)
rCold   + . .      Faith    .   d - +0 buckler
rNeg    + + +      Spirit   .   b - +0 robe
rPois   ∞          Reflect  .   (no helmet)
rElec   .          Harm     .   (no cloak)
rCorr   .          Rampage  .   (no gloves)
Will    .....                   (no boots)
Stlth   +.........              (no amulet)
HPRegen 0.08/turn               (no ring)
MPRegen 0.09/turn               (no ring)

@: no status effects
A: cold resistance 1, negative energy resistance 3, torment resistance 2, heat
vulnerability 1, no potions
a: Renounce Religion, Fiery Armour, Foxfire Swarm, Rising Flame


You were on level 1 of the Dungeon.
You worshipped Ignis.
Ignis was extremely pleased with you.
You visited 1 branch of the dungeon, and saw 1 of its levels.

Inventory:

Hand Weapons
 a - a -1 mace of flaming (weapon)
Armour
 b - a +0 robe (worn)
 d - a +0 buckler (worn)
Scrolls
 c - a scroll of magic mapping {unknown}


   Skills:
 - Level 3.0 Fighting
 - Level 2.4 Maces & Flails
 - Level 1.3 Spellcasting
 + Level 3.0 Fire Magic


You had 3 spell levels left.
You didn't know any spells.
Your spell library contained the following spells:

 Spells                   Type           Power      Damage    Failure   Level
 Scorch                   Fire           16%        2d6       16%         2
 Frozen Ramparts          Ice            0%         1d2       73%         3
 Summon Ice Beast         Ice/Summ       0%         N/A       98%         4
 Ice Form                 Ice/Tmut       Unusable   N/A       N/A         4

Dungeon Overview and Level Annotations

Branches:
Dungeon (1/15)

Altars:


Innate Abilities, Weirdness & Mutations

You are immune to poison.
Your flesh is cold resistant. (rC+)
You are immune to negative energy. (rN+++)
You are immune to unholy pain and torment.
You are vulnerable to heat. (rF-)
You do not drink.


Message History

A ball python and 2 jackals come into view.
Found a scroll labelled JECIRU ETEDWER and a scroll labelled HAVUXUUDUL.
The ball python hisses angrily.
The jackal barks! x2
The goblin hits you with a +0 club.
You barely miss the goblin. The goblin hits you but does no damage.
You hit the goblin. You burn the goblin.
You kill the goblin!
You block the jackal's attack.
You hit the quokka. You burn the quokka.
The quokka is heavily wounded.
The jackal bites you. The quokka barely misses you.
You sock the quokka! You burn the quokka.
You kill the quokka!
The jackal bites you.
The ball python bites you but does no damage.
The ball python grabs you. The ball python constricts you.
The jackal bites you but does no damage.
You hit the ball python. You burn the ball python.
You kill the ball python!
The jackal barely misses you.
The jackal bites you but does no damage.
The jackal bites you. The jackal barely misses you.
Your Fire Magic skill increases to level 3!
You have reached level 2!
The jackal barely misses you.
A kobold comes into view.
It is wielding a +2 short sword of venom.
The kobold shouts!
The jackal bites you.
The kobold throws a stone.
The stone hits you.
You closely miss the jackal.
The jackal bites you but does no damage.
The jackal bites you.
You closely miss the jackal. The jackal bites you. x2
* * * LOW HITPOINT WARNING * * *
You completely miss the jackal. The jackal misses you. The jackal bites you.
* * * LOW HITPOINT WARNING * * *
You sock the jackal! You burn the jackal.
You kill the jackal!
The kobold hits you with a +2 short sword of venom.
You die...

#.# #.#......
############.#######.#.####.
....>.......................
#.........................
#.#...##.#.#######.#.#..#.
..#.....##.#.# #.#.#..#.
.........#.#.. ..#.#..#.
.#......###########..#.#..#.
+........h@K........#.#..#.
#.......######...#.# ....#.
#.......# # ...#. ####....#
#....# #..†).......
#......?.... ..###........
.... .........


You could see a jackal and a kobold.

Vanquished Creatures
  A ball python (D:1)
  A bat (D:1)
  2 endoplasms (D:1)
  A hobgoblin (D:1)
  A jackal (D:1)
  A quokka (D:1)
  A goblin (D:1)
8 creatures vanquished.

Notes
Turn   | Place    | Note
-------+----------+-------------------------------------------
     0 | D:1      | SnakkuSnakku7 the Mummy Cinder Acolyte began the quest for
                  | the Orb.
     0 | D:1      | Reached XP level 1. HP: 18/18 MP: 2/2
   179 | D:1      | Reached XP level 2. HP: 15/24 MP: 4/4
   188 | D:1      | Slain by a kobold

Illustrated notes

Levels and vault maps discovered:
D:1:      wander_arrival_peaceful_grave, layout_basic, kennysheep_crisscross

Skill      XL: |  1 |
---------------+----+-----
Fire Magic     | 3 |  3.0
Fighting       | |  3.0
Maces & Flails | |  2.4
Spellcasting   | |  1.3

Action                   || total
-------------------------++-------
Melee: Mace              ||    18
Armor: Robe              ||     6
Dodge: Dodged            ||    10
Block: Buckler           ||     1
